 Dungeon Crawl Stone Soup version 0.29.1-15-g9cfb28693d (webtiles) character file.

Game seed: 16023886880350881761

1990 protoss039 the Covered (level 9, 67/67 HPs)
             Began as a Demonspawn Earth Elementalist on Mar 14, 2023.
             Got out of the dungeon alive.
             The game lasted 00:08:44 (4357 turns).

protoss039 the Covered (DsEE)                       Turns: 4357, Time: 00:08:44

Health: 67/67      AC: 11    Str:  9    XL:     9   Next: 1%
Magic:  16/16      EV: 10    Int: 26    God:
Gold:   268        SH:  0    Dex: 14    Spells: 11/17 levels left

rFire   . . .      SeeInvis .   w - +2 hand axe (elec)
rCold   . . .      Faith    .   (no shield)
rNeg    . . .      Spirit   .   v - +3 ring mail
rPois   .          Reflect  .   (no helmet)
rElec   .          Harm     .   (no cloak)
rCorr   +          Rampage  .   (no gloves)
Will    .....                   (no boots)
Stlth   +.........              e - amulet of regeneration
HPRegen 1.01/turn               x - ring of resist corrosion
MPRegen 0.30/turn               y - +6 ring of intelligence

@: no status effects
A: hooves 1, thin metallic scales 1, demonic guardian 1, magic regeneration
a: no special abilities


You escaped.
You visited 1 branch of the dungeon, and saw 6 of its levels.

You collected 304 gold pieces.
You spent 36 gold pieces at shops.

Inventory:

Hand Weapons
 o - a +2 rapier of protection
 w - a +2 hand axe of electrocution (weapon)
Armour
 n - the +0 ring mail of the Circus Animal {Contam Rampage rF++ Stlth+}
   (You found it on level 3 of the Dungeon)

   rF:        It greatly protects you from fire.
   Contam:    It causes magical contamination when unequipped.
   Rampage:   It bestows one free step when moving towards enemies.
   Stlth:     It makes you more stealthy.
 v - a +3 ring mail (worn)
Magical Staves
 m - a staff of earth
Jewellery
 e - an amulet of regeneration (around neck)
 x - a ring of resist corrosion (left hand)
 y - a +6 ring of intelligence (right hand)
Wands
 h - a wand of iceblast (7)
 r - a wand of mindburst (7)
Scrolls
 a - 3 scrolls of teleportation
 c - 2 scrolls of enchant weapon
 d - a scroll of blinking
 i - 4 scrolls of vulnerability
 k - a scroll of identify
 p - 2 scrolls of immolation
 t - 2 scrolls of magic mapping
Potions
 b - 2 potions of magic
 f - 3 potions of mutation
 g - a potion of curing
 j - a potion of invisibility {unknown}
 l - a potion of resistance {unknown}
 q - a potion of attraction {unknown}
 s - 3 potions of haste
 u - a potion of cancellation {unknown}
 z - a potion of flight {unknown}
 A - a potion of heal wounds


   Skills:
 + Level 4.8 Fighting
 * Level 5.6 Armour
 - Level 1.7 Dodging
 - Level 1.7 Stealth
 + Level 4.9 Spellcasting
 + Level 4.2 Conjurations
 - Level 0.8 Transmutations
 + Level 5.5 Earth Magic


You had 11 spell levels left.
You knew the following spells:

 Your Spells              Type           Power      Damage    Failure   Level
a - Sandblast             Erth           70%        2d15      1%          1
b - Passwall              Tmut/Erth      19%        N/A       8%          2
c - Stone Arrow           Conj/Erth      62%        3d10      8%          3

Your spell library contained the following spells:

 Spells                   Type           Power      Damage    Failure   Level
 Petrify                  Tmut/Erth      23%        N/A       45%         4
 Confusing Touch          Hex            6%         N/A       52%         3
 Yara's Violent Unravell  Hex/Tmut       4%         3d4       99%         5
 Enfeeble                 Hex            3%         N/A       100%        7


Dungeon Overview and Level Annotations

Branches:
Dungeon (6/15) Zot: 26543
 Temple: D:4-7

Altars:
Ashenzari
Kikubaaqudgha
Wu Jian

Shops:
D:2 ?


Innate Abilities, Weirdness & Mutations

You have large cloven feet.
You are partially covered in thin metallic scales. (AC +2)
A weak demonic guardian rushes to your aid.
You regenerate magic rapidly.


Message History

Unknown command.
Casting: Stone Arrow (dangerous; 10% risk of failure)
Confirm with . or Enter, or press ? or * to list all spells.
Aiming: Sandblast (safe; 2% risk of failure)
Press: ? - help, Shift-Dir - straight line, f/p - ice beast
Aim: an ice beast (almost dead, 84% to hit)
The blast of sand hits the ice beast!
You kill the ice beast!
You have reached level 9!
Your experience leads to an increase in your attributes!
Your base attributes are Str 9, Int 18, Dex 14.
Increase (S)trength, (I)ntelligence, or (D)exterity?
You feel clever. x2; Your demonic ancestry asserts itself...
You feel the presence of a demonic guardian.
Unknown command.
(D) Dungeon
Where to? (Enter - D:5 @ (x,y), ? - help)
What level of the Dungeon? (default 1, ? - help)
There is an open door here.
There is a stone staircase leading up here.
You climb upwards.
There is a stone staircase leading down here.
You see here a potion of degeneration.
There is a stone staircase leading up here.
You climb upwards.
There is a stone staircase leading down here.
There is a shaft here.
There is a shaft here.
There is a stone staircase leading up here.
You climb upwards.
There is a stone staircase leading down here.
There is a stone staircase leading up here.
You climb upwards.
There is a stone staircase leading down here.
There is a stone staircase leading up here.
You climb upwards.
There is a stone staircase leading down here.
There is a staircase leading out of the dungeon here.
Are you sure you want to leave the Dungeon?
This will make you lose the game!
You have escaped!

..###♣♣.......♣♣...###[.# #.#
#...♣♣.♣♣♣♣♣♣♣.♣♣#..###.# #.#
###♣♣.♣♣.....♣♣.♣♣#.# #.# ##.#
# ♣.♣♣.♣♣♣♣♣.♣♣.♣#.# #.###..##
###♣.♣.♣♣.(.♣♣.♣♣...# #.......#
..♣♣.♣.♣.♣♣♣.♣♣.♣...###.......#
..♣8.♣.♣.♣8♣..♣.♣♣...........[#
#.♣♣.♣.♣....♣.♣..♣..###.......#
#..♣.♣..♣8♣.♣.♣♣@♣............#
##.♣.♣♣.♣♣♣.♣♣.♣♣♣.####.......#
##.♣♣.♣♣....8♣.8♣♣.# #.......#
[...♣♣.♣♣♣♣♣♣♣.♣♣..# #.....).#
#####♣♣.......♣♣#### #.......#
♣♣♣♣8♣♣♣♣ ####...## ♣♣♣ ##..#
####


There were no monsters in sight!

Vanquished Creatures
  Pikel (D:6)
  Eustachio (D:4)
  An ice beast (D:6)
  A black bear (D:3)
  A phantom (D:6)
  A lemure (D:6)
  A bullfrog (D:5)
  3 scorpions
  A gnoll sergeant (D:5)
  3 necrophages
  3 hounds
  2 jellies
  A gnoll bouda (D:5)
  An iguana (D:5)
  Natasha (twice) (D:4)
  13 gnolls
  12 adders
  3 white imps
  2 ufetubi
  7 worms
  3 dart slugs (D:2)
  11 orcs
  7 ball pythons
  9 endoplasms
  3 giant cockroaches
  6 goblins
  11 hobgoblins
  5 quokkas
  7 bats
  2 frilled lizards
  9 kobolds
  8 rats
141 creatures vanquished.

Vanquished Creatures (others)
  2 plants (D:5)
2 creatures vanquished.

Grand Total: 143 creatures vanquished

Notes
Turn   | Place    | Note
-------+----------+-------------------------------------------
     0 | D:1      | protoss039 the Demonspawn Earth Elementalist began the
                  | quest for the Orb.
     0 | D:1      | Reached XP level 1. HP: 13/13 MP: 3/3
   435 | D:1      | Gained mutation: You are partially covered in thin metallic
                  | scales. (AC +2) [demonic ancestry]
   435 | D:1      | Reached XP level 2. HP: 16/20 MP: 1/5
   657 | D:1      | Reached skill level 1 in Fighting
  1089 | D:1      | Learned a level 2 spell: Passwall
  1149 | D:2      | Gained mutation: You regenerate magic rapidly. [demonic
                  | ancestry]
  1149 | D:2      | Reached XP level 3. HP: 26/26 MP: 3/6
  1349 | D:2      | Gained mutation: You have large cloven feet. [demonic
                  | ancestry]
  1349 | D:2      | Reached XP level 4. HP: 33/33 MP: 4/8
  1408 | D:2      | Found a faded altar of an unknown god.
  1665 | D:2      | Found Donaf's Magic Scroll Boutique.
  1686 | D:2      | Bought a scroll of noise for 12 gold pieces
  1686 | D:2      | Bought a scroll of identify for 24 gold pieces
  1735 | D:3      | Learned a level 3 spell: Stone Arrow
  1786 | D:3      | Identified the +0 ring mail of the Circus Animal {Contam
                  | Rampage rF++ Stlth+}
  1832 | D:3      | Found an ancient bone altar of Kikubaaqudgha.
  1980 | D:3      | Reached XP level 5. HP: 30/38 MP: 9/9
  2082 | D:3      | Reached skill level 1 in Armour
  2092 | D:3      | Found a broken altar of Ashenzari.
  2221 | D:3      | Noticed a black bear
  2227 | D:3      | Killed a black bear
  2228 | D:3      | Reached skill level 1 in Conjurations
  2278 | D:3      | Reached XP level 6. HP: 19/46 MP: 6/11
  2692 | D:4      | Noticed Natasha
  2698 | D:4      | Killed Natasha
  2855 | D:4      | Noticed Eustachio
  2890 | D:4      | Killed Eustachio
  2891 | D:4      | Reached XP level 7. HP: 29/52 MP: 6/12
  2900 | D:4      | Noticed Natasha
  2905 | D:4      | Killed Natasha
  2985 | D:4      | You fall into a shaft and drop 1 floor!
  2985 | D:5      | Entered Level 5 of the Dungeon
  3497 | D:5      | Reached XP level 8. HP: 56/60 MP: 14/14
  4004 | D:6      | Found an ornate altar of the Wu Jian Council.
  4015 | D:6      | Noticed Pikel
  4027 | D:6      | Killed Pikel
  4028 | D:6      | Reached skill level 5 in Armour
  4028 | D:6      | Reached skill level 5 in Earth Magic
  4171 | D:6      | Gained mutation: A weak demonic guardian rushes to your
                  | aid. [demonic ancestry]
  4171 | D:6      | Reached XP level 9. HP: 67/67 MP: 3/16
  4357 | D:$      | Got out of the dungeon alive.

Illustrated notes

Levels and vault maps discovered:
D:1:      nagdon_arrival_double_spiral, layout_rooms
D:2:      layout_rooms, serial_shops, nicolae_lakefront_shop,
          chequers_ecumenical_altar_twisty
D:3:      minmay_diamond_boxcup, layout_loops_ring,
          ashenzari_conservatory_becter, kiku_gazebo_pond_becter,
          minmay_fractal_squares_5
D:4:      layout_cave_pools, nicolae_wormholes, uniq_natasha, uniq_eustachio
D:5:      layout_loops_ring, minivault_26, st_stairs_13, chequers_mini_garden,
          kennysheep_donut, guppyfry_early_lair_pool
D:6:      layout_basic, mainiacjoe_overflow_catwalk, uniq_pikel

Skill      XL: |  1  2  3  4  5  6  7  8 |
---------------+-------------------------+-----
Earth Magic    | 3 4 5 |  5.5
Fighting       | 1 2 3 4 |  4.8
Spellcasting   | 3 4 |  4.9
Armour         | 2 4 5 |  5.6
Conjurations   | 1 2 3 4 |  4.2
Dodging        | |  1.7
Stealth        | |  1.7
Transmutations | |  0.8

Action                   |  1- 3 |  4- 6 |  7- 9 || total
-------------------------+-------+-------+-------++-------
Melee: Unarmed           |    11 |       |       ||    11
       Club              |     5 |       |       ||     5
       Dagger            |    31 |       |       ||    31
       Punch             |     1 |     2 |     3 ||     6
       Rapier            |       |    60 |     5 ||    65
       Staff             |       |     5 |       ||     5
       Kick              |       |    15 |    26 ||    41
       Hand axe          |       |       |    96 ||    96
 Cast: Sandblast         |    45 |    82 |    38 ||   165
       Stone Arrow       |       |       |    15 ||    15
Evoke: Wand              |       |       |     4 ||     4
  Use: Scroll            |       |     8 |     3 ||    11
 Stab: Sleeping          |     1 |       |       ||     1
Armor: Robe              |     6 |       |       ||     6
       Ring mail         |    18 |    84 |    74 ||   176
Dodge: Dodged            |    38 |   100 |    87 ||   225
